 Dungeon Crawl Stone Soup version 0.28-a0-834-g1a73be5ee4 (webtiles) character file.

Game seed: 5129362052167971118

95 Malachi the Ruffian (level 4, 0/44 HPs)
             Began as a Troll Berserker on Nov 11, 2021.
             Was a Believer of Trog.
             Succumbed to a scorpion's poison
             ... on level 2 of the Dungeon.
             The game lasted 00:01:10 (740 turns).

Malachi the Ruffian (Troll Berserker)                Turns: 740, Time: 00:01:11

Health: 0/44       AC:  4    Str: 26    XL:     4   Next: 40%
Magic:  3/3        EV: 10    Int:  3    God:    Trog [**....]
Gold:   127        SH:  0    Dex:  9    Spells: 3/3 levels left

rFire   . . .      SeeInvis .     - Unarmed
rCold   . . .      Faith    .   (no shield)
rNeg    . . .      Spirit   .   a - +0 animal skin
rPois   .          Reflect  .   (helmet restricted)
rElec   .          Harm     .   (no cloak)
rCorr   .          Rampage  .   (gloves unavailable)
Will    .....                   (boots unavailable)
Stlth   +.........              (no amulet)
HPRegen 1.14/turn               (no ring)
MPRegen 0.08/turn               (no ring)

@: lethally poisoned (0 -> 0), on berserk cooldown
A: large, unfitting armour, claws 3, regeneration 1, shaggy fur 1, tough skin 1
a: Renounce Religion, Berserk, Trog's Hand


You were on level 2 of the Dungeon.
You worshipped Trog.
Trog was pleased with you.
You visited 1 branch of the dungeon, and saw 2 of its levels.

You collected 127 gold pieces.

Inventory:

Armour
 a - a +0 animal skin (worn)
Scrolls
 d - a scroll of teleportation {unknown}
 h - a scroll of amnesia {unknown}
 i - 3 scrolls of blinking {unknown}
Potions
 c - a potion of curing {unknown}
 e - a potion of flight {unknown}
 f - 3 potions of heal wounds {unknown}
 g - 2 potions of lignification {unknown}


   Skills:
 + Level 2.9 Fighting
 + Level 3.1 Dodging
 + Level 4.2 Unarmed Combat


You had 3 spell levels left.
You didn't know any spells.
Your spell library was empty.

Dungeon Overview and Level Annotations

Branches:
Dungeon (2/15)

Altars:


Innate Abilities, Weirdness & Mutations

You are too large for most types of armour.
You have claws for hands.
Your natural rate of healing is unusually fast.
You are covered in fur. (AC +1)
You have tough skin. (AC +1)


Message History

You are too injured to fight recklessly!
You are too injured to fight recklessly!
Unknown command.
A red film seems to cover your vision as you go berserk!
You feel yourself moving faster!
You feel mighty!
You feel sick. The scorpion stings you. The scorpion stings you!
* * * LOW HITPOINT WARNING * * *
You barely miss the scorpion.
You feel sick.
You claw the scorpion!
The scorpion is almost dead.
You feel sick. The scorpion stings you.
* * * LOW HITPOINT WARNING * * *
You are lethally poisoned!
The scorpion poisons you!
You mangle the scorpion!!
You kill the scorpion!
Trog accepts your kill.
* * * LOW HITPOINT WARNING * * *
You feel sick.
Your Dodging skill increases to level 3!
Your Unarmed Combat skill increases to level 4!
You have reached level 4!
You are too berserk!
You start resting.
You feel sick.
You feel a strong urge to attack something.
You feel sick.
You start resting.
You feel sick.
You feel your anger nearly subside.
You feel sick.
You start resting.
You are no longer berserk.
You are exhausted.
You feel yourself slow down.
* * * LOW HITPOINT WARNING * * *
You feel sick.
It was a potion of cancellation.
Your magical effects are unravelling.
You feel magically purged.
You feel yourself speed up.
You die...

......### ######....>#†.#####.##
........# ###.#............
........# ######...###.######..#
........####......## #.######.>#
.........##..###### #.........†
.......#..#.## ##....#.##.
......###...# #######.#..#[...
.....####†.######........##..((#.
########)....#..@.# ######.##.#.
#........#### #...... #.#.##....#
##...## ####...#####.#######
##.## #.....## #.......# ..#
#..#### #######.# ### ####


There were no monsters in sight!

Vanquished Creatures
  A scorpion (D:2)
  4 ball pythons
  4 endoplasms (D:1)
  A giant cockroach (D:1)
  3 goblins
  3 hobgoblins (D:1)
  5 jackals
  2 kobolds (D:1)
  3 quokkas (D:1)
  A frilled lizard (D:2)
  5 rats (D:1)
32 creatures vanquished.

Notes
Turn   | Place    | Note
-------+----------+-------------------------------------------
     0 | D:1      | Malachi the Troll Berserker began the quest for the Orb.
     0 | D:1      | Reached XP level 1. HP: 22/22 MP: 0/0
    86 | D:1      | Reached XP level 2. HP: 29/29 MP: 1/1
   320 | D:1      | You fall into a shaft and drop 1 floor!
   325 | D:2      | Reached ** piety under Trog
   326 | D:2      | Reached XP level 3. HP: 35/36 MP: 2/2
   724 | D:2      | Noticed a scorpion
   734 | D:2      | Killed a scorpion
   734 | D:2      | HP: 2/54 [poisoned by a scorpion]
   735 | D:2      | Reached skill level 4 in Unarmed Combat
   735 | D:2      | Reached XP level 4. HP: 3/44 MP: 3/3
   739 | D:2      | HP: 1/44 [poisoned by a scorpion]
   740 | D:2      | Succumbed to a scorpion's poison

Illustrated notes

Levels and vault maps discovered:
D:1:      dpeg_arrival_long_road, layout_rooms
D:2:      layout_rooms, minmay_domino_4

Skill      XL: |  1  2  3 |
---------------+----------+-----
Dodging        | 3 |  3.1
Unarmed Combat | 4 |  4.2
Fighting       | |  2.9

Action                   |  1- 3 |  4- 6 || total
-------------------------+-------+-------++-------
Melee: Unarmed           |    78 |       ||    78
       Punch             |     2 |       ||     2
Invok: Berserk           |     1 |       ||     1
  Use: Potion            |       |     1 ||     1
Armor: Animal skin       |    20 |       ||    20
Dodge: Dodged            |    35 |       ||    35

Table legend: (Time is in decaauts)
 A = Elapsed time spent in this place.
 B = Non-inter-level travel time spent in this place.
 C = Inter-level travel time spent in this place.
 D = Time resting spent in this place.
 E = Time spent auto-exploring this place.
 F = Levels seen in this place.
 G = Mean time per level.
                   A        B        C        D        E       F      G
               +--------+--------+--------+--------+--------+-----+--------+
         Total |    732 |    713 |     19 |      2 |    539 |   2 |  366.0 |
       Dungeon |    732 |    713 |     19 |      2 |    539 |   2 |  366.0 |
               +--------+--------+--------+--------+--------+-----+--------+

Top non-repeatable levels by time:
     D:1: 451 daAuts
     D:2: 281 daAuts
